 Dungeon Crawl Stone Soup version 0.21.1-1-g345015f (webtiles) character file.

82 lotte the Magician (level 4, -5/24 HPs)
             Began as a Deep Elf Wizard on July 1, 2018.
             Was an Initiate of Vehumet.
             Slain by a hippogriff (8 damage)
             ... on level 4 of the Dungeon.
             The game lasted 00:14:04 (2586 turns).

lotte the Magician (Deep Elf Wizard)                Turns: 2586, Time: 00:14:05

Health: -5/24      AC:  4    Str:  4    XL:     4   Next: 21%
Magic:  0/13       EV: 13    Int: 24    God:    Vehumet [......]
Gold:   43         SH:  0    Dex: 13    Spells: 4/14 levels left

rFire    . . .     SeeInvis .   f - +0 club
rCold    . . .     Gourm    .   (no shield)
rNeg     . . .     Faith    .   a - +0 robe
rPois    .         Spirit   .   b - +0 hat
rElec    .         Reflect  .   (no cloak)
rCorr    .         Harm     .   h - +0 pair of gloves
MR       .....                  g - +0 pair of boots
Stlth    ++........             (no amulet)
HPRegen  0.08/turn              (no ring)
MPRegen  0.13/turn              (no ring)

@: no status effects
A: no striking features
a: Renounce Religion


You were on level 4 of the Dungeon.
You worshipped Vehumet.
Vehumet was noncommittal.
You were not hungry.

You visited 1 branch of the dungeon, and saw 4 of its levels.

You collected 43 gold pieces.

Inventory:

Hand Weapons
 f - a +0 club (weapon)
Armour
 a - a +0 robe (worn)
 b - a +0 hat (worn)
 g - a +0 pair of boots (worn)
 h - a +0 pair of gloves (worn)
Scrolls
 e - a scroll of random uselessness {unknown}
 j - 3 scrolls of noise {unknown}
 m - 2 scrolls of remove curse {unknown}
 q - a scroll of blinking {unknown}
 r - a scroll of amnesia {unknown}
Potions
 i - a potion of lignification {unknown}
 k - a potion of heal wounds {unknown}
 l - 3 potions of ambrosia {unknown}
 p - a potion of flight {unknown}
Books
 c - a book of Minor Magic

   Spells                             Type                      Level
   a - Magic Dart                     Conjuration                  1
   b - Blink                          Translocation                2
   c - Call Imp                       Summoning                    2
   d - Slow                           Hexes                        2
   e - Conjure Flame                  Conjuration/Fire             3
   f - Mephitic Cloud                 Conjuration/Poison/Air       3
 n - Sif Muna's Tome of the Escort
   (You found it on level 2 of the Dungeon)

   Spells                             Type                      Level
   a - Summon Butterflies             Summoning                    1
Comestibles
 d - 5 rations


   Skills:
 - Level 2.4 Dodging
 - Level 2.6 Stealth
 + Level 5.8 Spellcasting
 + Level 2.1 Conjurations
 + Level 1.7 Summonings
   Level 1.1 Translocations
 + Level 1.2 Fire Magic


You had 4 spell levels left.
You knew the following spells:

 Your Spells              Type           Power        Failure   Level  Hunger
a - Magic Dart            Conj           ###.         3%          1    None
b - Call Imp              Summ           ###.....     6%          2    None
c - Conjure Flame         Conj/Fire      ###.....     12%         3    #......
d - Mephitic Cloud        Conj/Pois/Air  ##......     19%         3    #......
e - Summon Butterflies    Summ           ###.....     4%          1    None


Dungeon Overview and Level Annotations

Branches:
Dungeon (4/15)
 Temple: D:4-7

Altars:
Kikubaaqudgha
Nemelex Xobeh
Sif Muna
Vehumet


Message History

Press: ? - help, Dir - move target cursor The fire ignites!
The hippogriff is engulfed in blazing flames.
There is an escape hatch in the floor here.
You can't go up here!
The hippogriff bites you but does no damage.
The hippogriff pecks you. The hippogriff completely misses you.
You slide downwards.
The hatch slams shut behind you.
Unknown command.
Casting: Conjure Flame
Confirm with . or Enter, or press ? or * to list all spells.
A beastly little devil appears in a puff of flame.
The hippogriff bites you! The hippogriff barely misses you.
The hippogriff claws you. The hippogriff closely misses you.
The hippogriff pecks you.
* * * LOW HITPOINT WARNING * * *
The hippogriff claws you.
* * * LOW HITPOINT WARNING * * *
Your crimson imp hits the hippogriff.
The hippogriff bites you!
You die...

# #.
#.
#.####
#..@.#
#..5H#
#....#
#.####
#+


You could see a hippogriff and a friendly crimson imp.

Vanquished Creatures
  An adder (D:3)
  An adder skeleton (D:2)
  A dart slug (D:2)
  2 leopard geckos (D:2)
  2 ball pythons
  8 bats
  A bat zombie (D:2)
  A giant cockroach (D:1)
  10 goblins
  6 hobgoblins
  2 jackals (D:2)
  2 quokkas (D:2)
  4 frilled lizards
  A giant cockroach zombie (D:2)
  5 kobolds
  3 quokka skeletons (D:2)
  5 rats
55 creatures vanquished.

Vanquished Creatures (collateral kills)
  2 adder skeletons (D:2)
  An adder zombie (D:2)
3 creatures vanquished.

Grand Total: 58 creatures vanquished

Notes
Turn   | Place    | Note
-------+----------+-------------------------------------------
     0 | D:1      | lotte the Deep Elf Wizard began the quest for the Orb.
     0 | D:1      | Reached XP level 1. HP: 10/10 MP: 7/7
   234 | D:1      | Reached XP level 2. HP: 15/15 MP: 4/9
   405 | D:1      | Reached skill level 5 in Spellcasting
  1012 | D:1      | Reached XP level 3. HP: 19/19 MP: 9/11
  1016 | D:1      | Learned a level 2 spell: Call Imp
  1020 | D:1      | Learned a level 3 spell: Conjure Flame
  1024 | D:1      | Learned a level 3 spell: Mephitic Cloud
  1634 | D:2      | Found a sparkling altar of Nemelex Xobeh.
  1904 | D:2      | Reached skill level 1 in Fire Magic
  2126 | D:2      | Reached XP level 4. HP: 24/24 MP: 11/13
  2141 | D:2      | Found a radiant altar of Vehumet.
  2144 | D:2      | Became a worshipper of Vehumet
  2147 | D:2      | Found an ancient bone altar of Kikubaaqudgha.
  2148 | D:2      | Found a deep blue altar of Sif Muna.
  2152 | D:2      | Identified Sif Muna's Tome of the Escort
  2156 | D:2      | Learned a level 1 spell: Summon Butterflies
  2551 | D:3      | Noticed a hippogriff
  2586 | D:4      | Slain by a hippogriff

Skill      XL: |  1  2  3 |
---------------+----------+-----
Spellcasting   | 5 |  5.8
Conjurations   | 2 |  2.1
Fire Magic     | 1 |  1.2
Dodging        | |  2.4
Stealth        | |  2.6
Summonings     | |  1.7
Translocations | |  1.1

Action                   |  1- 3 |  4- 6 || total
-------------------------+-------+-------++-------
Melee: Club              |       |     1 ||     1
 Cast: Magic Dart        |   101 |    14 ||   115
       Call Imp          |     6 |     5 ||    11
       Conjure Flame     |     1 |     3 ||     4
  Eat: Chunk             |     3 |     2 ||     5
Armor: Robe              |       |     2 ||     2
Dodge: Dodged            |     5 |     5 ||    10
